 Dungeon Crawl Stone Soup version 0.29-a0-284-gf9362112df (webtiles) character file.

Game seed: 9126725691368426470

12 spaghetti the Ducker (level 2, -1/21 HPs)
             Began as an Octopode Chaos Knight on Mar 21, 2022.
             Was a Plaything of Xom.
             Slain by a crimson imp (4 damage)
             ... summoned by Xom
             ... on level 1 of the Dungeon.
             The game lasted 00:00:38 (241 turns).

spaghetti the Ducker (Octopode Chaos Knight)         Turns: 241, Time: 00:00:39

Health: -1/21      AC:  1    Str: 11    XL:     2   Next: 33%
Magic:  2/2        EV: 13    Int: 14    God:    Xom [.*....]
Gold:   34         SH:  0    Dex: 11    Spells: 1/1 levels left

rFire   . . .      SeeInvis .   a - +0 falchion (chaos) {long}
rCold   . . .      Faith    .   (no shield)
rNeg    . . .      Spirit   .   (helmet restricted)
rPois   .          Reflect  .   (no amulet)
rElec   .          Harm     .   (no ring)
rCorr   .          Rampage  .   (no ring)
Will    .....                   (no ring)
Stlth   ++........              (no ring)
HPRegen 0.07/turn               (no ring)
MPRegen 0.08/turn               (no ring)
                                (no ring)
                                (no ring)

@: no status effects
A: almost no armour, amphibious, 8 rings, camouflage 1, gelatinous body 1,
(nimble swimmer 1), tentacles
a: Renounce Religion


You were on level 1 of the Dungeon.
You worshipped Xom.
You were a plaything of Xom.
You visited 1 branch of the dungeon, and saw 1 of its levels.

You collected 34 gold pieces.


Innate Abilities, Weirdness & Mutations

You cannot wear most types of armour.
You are amphibious.
You can wear up to eight rings at the same time.
Your skin changes colour to match your surroundings (Stealth+).
Your rubbery body absorbs attacks. (AC +1, EV +1)
((You are camouflaged when in or above water. (Stealth+)))
You have tentacles for arms and can constrict up to eight enemies at once.


   Skills:
 - Level 3.0 Fighting
 - Level 3.0 Long Blades
 + Level 3.2 Dodging


You had one spell level left.
You didn't know any spells.
Your spell library contained the following spells:

 Spells                   Type           Power      Damage    Failure   Level
 Call Canine Familiar     Summ           0%         N/A       65%         3
 Portal Projectile        Hex/Tloc       0%         N/A       65%         3
 Leda's Liquefaction      Hex/Erth       0%         N/A       96%         4

Inventory:

Hand Weapons
 a - a +0 falchion of chaos (weapon) {long}
Missiles
 c - 13 stones {throwing}
Potions
 d - 2 potions of attraction {unknown}
Miscellaneous
 b - a piece from Xom's chessboard (15/15) (quivered)

Dungeon Overview and Level Annotations

Branches:
Dungeon (1/15)

Altars:

#### ###
.........#
..# ..?......
..# r........
..## ..
..!......
...#####...#
#........
.........#
#####........
..#..#####
#....J.......
###..#######.
#5@.......
#..#.......
#.#.......
#....#
#.##.....#
#...## #.#
######
###..## #.#
.....## #.#
#.##..# ##ยง#
...#..# ##5.#
##.##)#
#..##########


You could see 2 crimson imps, an endoplasm and a quokka (asleep).


Message History

You see here a +0 dagger {short}.
A rat is nearby!
The rat closely misses you.
You hit the rat.
You kill the rat!
You see here a +0 whip {mace}.
A goblin comes into view. It is wielding a +0 club.
The goblin shouts!
The goblin barely misses you.
You slash the goblin! Lightning courses through the goblin!
You kill the goblin!
Your Dodging skill increases to level 3!
You have reached level 2! ๐Ÿ˜Ž HP[+5] MP[+1]
You now have 21 max hp (+5).
Your hp is fully restored (21).
Your mp is fully restored (2).
Things that are here:
a +0 club {mace}; a goblin corpse A dart slug comes into view.
A dart slug is nearby!
A frilled lizard comes into view.
Found an escape hatch in the floor.
The helpless dart slug fails to defend itself.
You slash the dart slug! You grab the dart slug. You constrict the dart slug.
You hit the dart slug but do no damage. You constrict the dart slug.
The dart slug barely misses you.
You hit the dart slug. You freeze the dart slug.
You kill the dart slug!
A hobgoblin comes into view.
The frilled lizard hisses angrily.
The hobgoblin shouts!
You hit the frilled lizard. You freeze the frilled lizard.
You kill the frilled lizard!
You see here a frilled lizard corpse.
You closely miss the hobgoblin. Your grab misses the hobgoblin.
The hobgoblin barely misses you.
You barely miss the hobgoblin. You grab the hobgoblin.
You constrict the hobgoblin, but do no damage.
The hobgoblin hits you. ๐Ÿ˜• HP[-3]
You take 3 damage, and now have 18/21 hp.
You hit the hobgoblin but do no damage. You constrict the hobgoblin.
The hobgoblin hits you. x2 ๐Ÿ˜ฎ HP[-5]
You take 5 damage, and now have 13/21 hp.
MASSIVE DAMAGE!! (PAUSE)
You hit the hobgoblin.
You lose your grip on the jackal.
The hobgoblin evaporates and reforms as a jackal!
Your grab misses the jackal. Your squeeze misses the jackal.
The jackal barely misses you. ๐Ÿ˜ฎ HP[+1]
You hit the jackal. You grab the jackal. You constrict the jackal.
The jackal misses you. The jackal barely misses you.
You hit the jackal.
You kill the jackal!
The hobgoblin returns to its original shape as it dies.
You start resting. "Time to have some fun!" ๐Ÿ˜ฎ HP[+1]
You aren't carrying any scrolls.
The crimson imp attacks as you move away!
The crimson imp misses you.
The crimson imp blinks!
The crimson imp blinks!
The crimson imp blinks!
An endoplasm comes into view. ๐Ÿ˜• HP[+1]
The crimson imp blinks!
The crimson imp blinks!
You closely miss the crimson imp. You grab the crimson imp.
You squeeze the crimson imp, but do no damage.
You constrict the crimson imp, but do no damage.
The endoplasm quivers.
The crimson imp hits you. ๐Ÿ˜ฎ HP[-4]
You take 4 damage, and now have 12/21 hp.
You hit the crimson imp.
The crimson imp seems to grow stronger.
Xom thinks this is hilarious!
You constrict the crimson imp. The endoplasm hits you.
* * * LOW HITPOINT WARNING * * *
The crimson imp barely misses you. ๐Ÿ˜จ HP[-3]
You take 3 damage, and now have 9/21 hp.
You hit the endoplasm but do no damage.
The endoplasm blinks!
You constrict the crimson imp.
The crimson imp blinks!
The crimson imp hits you.
* * * LOW HITPOINT WARNING * * *
๐Ÿ˜จ HP[-2]
You take 2 damage, and now have 7/21 hp.
You release your grip on the crimson imp.
A quokka comes into view.
The crimson imp hits you.
* * * LOW HITPOINT WARNING * * *
๐Ÿ˜ฑ HP[-4]
You take 4 damage, and now have 3/21 hp.
You hit the crimson imp.
The crimson imp is poisoned.
Your grab misses the crimson imp. Your squeeze misses the crimson imp.
The crimson imp hits you.
You die... "What!?
That's it?"

Skill      XL: |  1 |
---------------+----+-----
Dodging        | 3 |  3.2
Fighting       | |  3.0
Long Blades    | |  3.0

Action                   || total
-------------------------++-------
Melee: Falchion          ||    22
       Constrict         ||     5
       Tentacles         ||     1
 Stab: Sleeping          ||     2
Dodge: Dodged            ||    14

Levels and vault maps discovered:
D:1:      arrival_aquarium_b, layout_rooms

Notes
Turn   | Place    | Note
-------+----------+-------------------------------------------
     0 | D:1      | spaghetti the Octopode Chaos Knight began the quest for the
                  | Orb.
     0 | D:1      | Reached XP level 1. HP: 16/16 MP: 1/1
     0 | D:1      | magus.rc [v1.9.6]
     3 | D:1      | You pick up a book of the Hunter and begin reading...
     3 | D:1      | You add the spells Call Canine Familiar, Portal Projectile
                  | and Leda's Liquefaction to your library.
     4 | D:1      | Noticed an electric eel
     7 | D:1      | XOM: divination: magic mapping
    20 | D:1      | Noticed an electric eel
   176 | D:1      | Reached skill level 3 in Dodging
   176 | D:1      | Reached XP level 2. HP: 21/21 MP: 2/2
   220 | D:1      | XOM: summons 2 hostile demons
   221 | D:1      | Noticed a crimson imp
   221 | D:1      | Noticed a crimson imp
   240 | D:1      | HP: 3/21 [crimson imp[Xom] (4)]
   241 | D:1      | Slain by a crimson imp

Vanquished Creatures
  A dart slug (D:1)
  A giant cockroach (D:1)
  3 goblins (D:1)
  A jackal (D:1)
  2 ball pythons (D:1)
  A frilled lizard (D:1)
  A rat (D:1)
10 creatures vanquished.

Table legend:
 A = Non-vault XP
 B = Vault XP
 C = Vault XP percentage of total XP
 D = Non-vault monster count
 E = Vault monster count
 F = Vault count percentage of total count
                 A         B        C        D         E       F
            +---------+---------+-------+---------+---------+-------
      Total |      18 |       0 |   0.0 |      10 |       0 |   0.0
            +---------+---------+-------+---------+---------+-------
        D:1 |      18 |       0 |   0.0 |      10 |       0 |   0.0
            +---------+---------+-------+---------+---------+-------

Illustrated notes

Table legend:
 A = Kills in this place as a percentage of kills in entire the game.
 B = Kills by you in this place as a percentage of kills by you in the entire game.
 C = Kills by friends in this place as a percentage of kills by friends in the entire game.
 D = Other kills in this place as a percentage of other kills in the entire game.
 E = Experience gained in this place as a percentage of experience gained in the entire game.
 F = Experience gained in this place divided by the number of levels of this place that you have seen.
                   A       B       C       D       E      F
               +-------+-------+-------+-------+-------+----------------------
         Total | 100.0 | 100.0 |   N/A |   N/A | 100.0 |  18.0
       Dungeon | 100.0 | 100.0 |   N/A |   N/A | 100.0 |  18.0
               +-------+-------+-------+-------+-------+----------------------

Table legend: (Time is in decaauts)
 A = Elapsed time spent in this place.
 B = Non-inter-level travel time spent in this place.
 C = Inter-level travel time spent in this place.
 D = Time resting spent in this place.
 E = Time spent auto-exploring this place.
 F = Levels seen in this place.
 G = Mean time per level.
                   A        B        C        D        E       F      G
               +--------+--------+--------+--------+--------+-----+--------+
         Total |    243 |    243 |      0 |     82 |     73 |   1 |  243.0 |
       Dungeon |    243 |    243 |      0 |     82 |     73 |   1 |  243.0 |
               +--------+--------+--------+--------+--------+-----+--------+

Top non-repeatable levels by time:
     D:1: 243 daAuts
